 Dungeon Crawl Stone Soup version 0.19.0-2-gae57169 (webtiles) character file.

4111 Firecrotchwizard the Basher (level 10, -43/88 HPs)
             Began as a Minotaur Fighter on Nov 2, 2016.
             Was a High Priest of Okawaru.
             Annihilated by an enormous slime creature (71 damage)
             ... on level 8 of the Dungeon.
             The game lasted 00:28:07 (8049 turns).

Firecrotchwizard the Basher (Minotaur Fighter)      Turns: 8049, Time: 00:28:07

Health: -43/88     AC: 15    Str: 22    XL:     10   Next: 6%
Magic:  9/9        EV:  6    Int:  5    God:    Okawaru [*****.]
Gold:   175        SH: 11    Dex: 13    Spells: 0 memorised, 9 levels left

rFire  x . .     SeeInvis +     P - +1 morningstar (freeze)
rCold  + . .     Gourm    .     o - +1 plate armour
rNeg   . . .     Faith    .     c - +0 shield
rPois  .         Spirit   .     (helmet unavailable)
rElec  .         Reflect  .     (no cloak)
rCorr  .         Harm     .     (no gloves)
MR     .....                    K - +0 pair of boots
Stlth  ..........               (no amulet)
                                y - ring of ice
                                E - +3 ring of dexterity

@: no status effects
A: retaliatory headbutt, horns 3, see invisible, clumsy 1, wild magic 1
a: Heroism, Finesse, Renounce Religion


You were on level 8 of the Dungeon.
You worshipped Okawaru.
Okawaru was extremely pleased with you.
You were not hungry.

You visited 1 branch of the dungeon, and saw 8 of its levels.
You also visited: Ossuary.

You collected 399 gold pieces.
You spent 224 gold pieces at shops.

Inventory:

Hand Weapons
 a - a +0 flail
 L - a +5 halberd
 N - the +6 falchion "Qoggaemu" {slice, +Fly rElec}
   (You found it on level 6 of the Dungeon)

   It inflicts extra damage upon your enemies.
   It insulates you from electricity.
   It lets you fly.
 P - a +1 morningstar of freezing (weapon)
Missiles
 A - 8 poisoned tomahawks (quivered)
Armour
 b - a +0 scale mail
 c - a +0 shield (worn)
 o - a +1 plate armour (worn)
 K - a +0 pair of boots (worn)
Jewellery
 s - an uncursed ring of stealth
 y - a ring of ice (right hand)
 D - a +5 ring of intelligence
 E - a +3 ring of dexterity (left hand)
Wands
 G - a wand of slowing (39/48)
 R - a wand of disintegration (14/24)
Scrolls
 g - 4 scrolls of amnesia
 k - 2 scrolls of magic mapping
 n - 8 scrolls of identify
 t - 5 scrolls of fog
 u - 2 scrolls of enchant armour
 x - 2 scrolls of noise {unknown}
 C - 2 scrolls of teleportation
 F - 2 scrolls of enchant weapon
 H - a scroll of remove curse
 I - 2 scrolls of blinking
 J - 3 scrolls of recharging {unknown}
Potions
 e - 4 potions of lignification {unknown}
 h - 2 potions of mutation {unknown}
 i - 4 potions of magic {unknown}
 j - 2 potions of resistance {unknown}
 l - a potion of cure mutation {unknown}
 p - 2 potions of invisibility {unknown}
 q - a potion of berserk rage {unknown}
 r - 7 potions of flight
 w - a potion of haste {unknown}
 z - 2 potions of curing {unknown}
 B - 2 potions of ambrosia {unknown}
 O - a potion of degeneration {unknown}
Books
 v - a book of Changes

   Spells                             Type                      Level
   a - Beastly Appendage              Transmutation                1
   b - Sticks to Snakes               Transmutation                2
   c - Spider Form                    Transmutation/Poison         3
   d - Ice Form                       Ice/Transmutation            4
   e - Blade Hands                    Transmutation                5
 M - a book of Minor Magic

   Spells                             Type                      Level
   a - Magic Dart                     Conjuration                  1
   b - Blink                          Translocation                2
   c - Call Imp                       Summoning                    2
   d - Repel Missiles                 Charms/Air                   2
   e - Slow                           Hexes                        2
   f - Conjure Flame                  Conjuration/Fire             3
   g - Mephitic Cloud                 Conjuration/Poison/Air       3
 S - a book of Callings

   Spells                             Type                      Level
   a - Summon Small Mammal            Summoning                    1
   b - Call Imp                       Summoning                    2
   c - Call Canine Familiar           Summoning                    3
   d - Summon Guardian Golem          Hexes/Summoning              3
   e - Summon Lightning Spire         Summoning/Air                4
   f - Summon Ice Beast               Ice/Summoning                4
Comestibles
 d - 2 beef jerkies
 f - 4 bread rations
 m - 5 meat rations
 Q - 6 chunks of flesh


   Skills:
 * Level 8.2 Fighting
 * Level 11.8 Maces & Flails
 + Level 2.9 Throwing
 + Level 7.2 Armour
 + Level 2.9 Dodging
 - Level 0.1 Stealth
 + Level 7.3 Shields


You had 9 spell levels left.
You didn't know any spells.

Dungeon Overview and Level Annotations

Branches:
Dungeon (8/15)             Temple (0/1) D:6
   Lair: D:8-11

Altars:
Elyvilon
Okawaru
Xom

Shops:
D:4 *   D:7 =[?


Innate Abilities, Weirdness & Mutations

You reflexively headbutt those who attack you in melee.
You have a pair of large horns on your head.
You have supernaturally acute eyesight. (SInv)
You are clumsy. (Dex -2)
Your spells are a little harder to cast, but a little more powerful.


Message History

The enormous slime creature is lightly wounded.
The enormous slime creature hits you!!!
A centaur skeleton comes into view.
There is a stone staircase leading up here.
You block the enormous slime creature's attack.
You climb upwards.
There is a stone staircase leading down here.
The enormous slime creature hits you!
You climb downwards.
You hear the roar of battle.
There is an entrance to a bailey on this level.
Hurry and find it before the portal closes forever!
You block the centaur skeleton's attack.
The centaur skeleton closely misses you.
There is a stone staircase leading up here.
You puncture the centaur skeleton! You freeze the centaur skeleton.
You headbutt the centaur skeleton.
The centaur skeleton is severely damaged.
The centaur skeleton hits you. The enormous slime creature hits you!!!
Ouch! That really hurt!
You die...

..........
......... .........
.#....... #.##.....
##.##...#
##....Z..# ####..#
#@..# #...
####..?..###J..#
#....
....$...>......#
......
#...#..###...#..#
...
#.....####.....#
##.#######
....#####
#.....####........#
#. #....##
#.........#
###....#
#...).....#
###...####
##...(.....#


You could see an enormous slime creature and a centaur skeleton.

Vanquished Creatures
  The ghost of Firecrotchwizard the Cudgeler, a novice MiFi of Okawaru (D:5)
  A hippogriff (D:7)
  A hungry ghost (D:7)
  A water moccasin (D:7)
  An orc warrior (D:6)
  An ice beast (D:7)
  3 sky beasts
  An ogre (D:6)
  2 phantoms
  3 centaurs
  3 elf zombies (Ossuary)
  Blork the orc (D:4)
  3 bullfrogs
  7 wights (D:6)
  2 howler monkeys
  An electric eel (D:6)
  5 crimson imps
  2 centaur zombies
  2 jellies
  A quasit (D:6)
  7 orc priests
  A bullfrog zombie (D:6)
  A gnoll shaman (D:5)
  8 hounds
  6 orc wizards
  Jessica (D:2)
  2 iguanas
  4 worker ants
  A big kobold zombie (Ossuary)
  2 hound zombies (Ossuary)
  A hound skeleton (D:4)
  4 mummies
  4 gnolls (D:5)
  10 adders
  A shadow imp (D:6)
  2 adder zombies
  2 adder skeletons
  4 worms
  4 dart slugs
  2 leopard geckos (D:5)
  29 orcs
  2 ball pythons
  8 bats
  4 giant cockroaches
  2 gnoll zombies (Ossuary)
  3 goblins
  7 hobgoblins
  5 jackals
  2 quokkas
  4 frilled lizards
  3 goblin zombies (Ossuary)
  3 hobgoblin zombies
  7 jackal zombies (Ossuary)
  9 kobolds
  4 kobold zombies (Ossuary)
  4 orc zombies
  2 quokka zombies (Ossuary)
  8 rats
  4 rat zombies (Ossuary)
219 creatures vanquished.

Notes
Turn   | Place    | Note
-------+----------+-------------------------------------------
     0 | D:1      | Firecrotchwizard the Minotaur Fighter began the quest for the Orb.
     0 | D:1      | Reached XP level 1. HP: 19/19 MP: 0/0
   154 | D:1      | Reached XP level 2. HP: 27/27 MP: 1/1
   647 | D:2      | Reached XP level 3. HP: 25/33 MP: 2/2
   720 | D:2      | Reached skill level 3 in Maces & Flails
  1219 | D:2      | Noticed Jessica
  1244 | D:2      | Killed Jessica
  1244 | D:2      | Reached skill level 4 in Maces & Flails
  1244 | D:2      | Reached XP level 4. HP: 7/41 MP: 3/3
  1969 | D:3      | Found an iron altar of Okawaru.
  1976 | D:3      | Became a worshipper of Warmaster Okawaru
  2129 | D:3      | Reached XP level 5. HP: 47/47 MP: 4/4
  2414 | D:3      | Reached skill level 5 in Maces & Flails
  2712 | D:4      | Noticed Blork the orc
  2717 | D:4      | Killed Blork the orc
  2919 | D:4      | Reached * piety under Okawaru
  2919 | D:4      | Reached XP level 6. HP: 50/55 MP: 5/5
  3081 | D:4      | Reached skill level 5 in Fighting
  3081 | D:4      | Reached skill level 1 in Throwing
  3193 | D:4      | Found Reihur's General Store.
  3197 | D:4      | Bought a scroll of identify for 26 gold pieces
  3423 | D:4      | Reached skill level 6 in Maces & Flails
  3423 | D:4      | Reached skill level 1 in Dodging
  3652 | D:5      | Entered Level 5 of the Dungeon
  3672 | D:5      | Noticed Firecrotchwizard's ghost (novice MiFi)
  3683 | D:5      | Killed Firecrotchwizard's ghost
  3683 | D:5      | Reached ** piety under Okawaru
  3683 | D:5      | Reached skill level 7 in Maces & Flails
  3683 | D:5      | Reached skill level 5 in Shields
  3683 | D:5      | Reached XP level 7. HP: 35/61 MP: 3/6
  3710 | D:5      | Found a sand-covered staircase.
  3716 | Ossuary  | Entered an ossuary
  3769 | Ossuary  | Reached skill level 5 in Armour
  4098 | Ossuary  | Reached skill level 8 in Maces & Flails
  4098 | Ossuary  | Reached XP level 8. HP: 66/70 MP: 7/7
  4251 | D:5      | Reached *** piety under Okawaru
  4825 | D:5      | Reached skill level 9 in Maces & Flails
  5642 | D:6      | HP: 1/71 [orc priest/divine providence (12)]
  6013 | D:6      | Reached XP level 9. HP: 37/78 MP: 8/8
  6183 | D:6      | Found a staircase to the Ecumenical Temple.
  6192 | D:6      | Reached skill level 10 in Maces & Flails
  6277 | D:6      | Got a polished falchion
  6278 | D:6      | Identified the +6 falchion "Qoggaemu" {slice, +Fly rElec} (You found it on level 6 of the Dungeon)
  6698 | D:6      | Reached **** piety under Okawaru
  6900 | D:6      | Gained mutation: You are dopey. (Int -2) [mutagenic meat]
  6901 | D:6      | Gained mutation: You have a pair of large horns on your head. [mutagenic meat]
  6902 | D:6      | Gained mutation: You have supernaturally acute eyesight. (SInv) [mutagenic meat]
  6903 | D:6      | Lost mutation: You are dopey. (Int -2) [mutagenic meat]
  6904 | D:6      | Gained mutation: Your spells are a little harder to cast, but a little more powerful. [mutagenic meat]
  6905 | D:6      | Gained mutation: You are clumsy. (Dex -2) [mutagenic meat]
  7238 | D:7      | Found Bisheana's Magic Scroll Emporium.
  7247 | D:7      | Bought a scroll of identify for 24 gold pieces
  7247 | D:7      | Bought a scroll of identify for 24 gold pieces
  7247 | D:7      | Bought a scroll of identify for 24 gold pieces
  7247 | D:7      | Bought a scroll of blinking for 90 gold pieces
  7247 | D:7      | Bought a scroll of teleportation for 36 gold pieces
  7275 | D:7      | Found a white marble altar of Elyvilon.
  7286 | D:7      | Reached skill level 11 in Maces & Flails
  7381 | D:7      | Found Laep Ena's Armour Shop.
  7552 | D:7      | Found a shimmering altar of Xom.
  7651 | D:7      | Found Vated's Jewellery Shoppe.
  7760 | D:7      | Reached ***** piety under Okawaru
  7975 | D:8      | Reached XP level 10. HP: 81/88 MP: 9/9
  8049 | D:8      | Annihilated by an enormous slime creature

Skill      XL: |  1  2  3  4  5  6  7  8  9 |
---------------+----------------------------+-----
Fighting       | 4 5 6 8 |  8.2
Shields        | 4 5 6 7 |  7.3
Maces & Flails | 4 5 7 8 9 11 | 11.8
Armour         | 4 5 6 7 |  7.2
Throwing       | 1 2 |  2.9
Dodging        | 1 2 |  2.9
Stealth        | |  0.1

Action                   |  1- 3 |  4- 6 |  7- 9 | 10-12 || total
-------------------------+-------+-------+-------+-------++-------
Melee: Flail             |   108 |   110 |   371 |       ||   589
       Headbutt          |    14 |    22 |   117 |     6 ||   159
       Morningstar       |       |       |    89 |    21 ||   110
Throw: Tomahawk          |       |    24 |    11 |       ||    35
Invok: Heroism           |       |     1 |       |       ||     1
  Use: Scroll            |       |     1 |     8 |       ||     9
       Potion            |       |     1 |     1 |       ||     2
  Eat: Chunk             |     1 |     3 |    13 |     1 ||    18
       Beef jerky        |       |     2 |       |       ||     2
       Pizza             |       |     1 |       |       ||     1
       Royal jelly       |       |       |     1 |       ||     1
       Fruit             |       |       |     8 |       ||     8
Armor: Scale mail        |    38 |    34 |    78 |       ||   150
       Plate armour      |       |       |    56 |     6 ||    62
Dodge: Dodged            |    32 |    35 |   120 |     3 ||   190
Block: Shield            |    65 |    62 |   202 |     7 ||   336
